AoeStats
← Google

Arabia

505753714Analyzed
2v2 RM · 22d ago on Sep 10, 2026· 65m 13s· 4 players
Game mode
Random Map
Map size
Medium (4 player)
Population
200
Speed
Normal
Resources
Standard
Victory
Conquest
Starting age
Dark Age
Ending age
Imperial Age
RankedLock teamsTeams togetherTeam positionsShared explorationLock speedFull tech treeHidden civsTurbo modeCheats
Victory
Defeat
🇨🇴 Italians · Colombia
708
+15
🇦🇷 Franks · Argentina
678
+16
🇷🇴 Huns · Romania
880
-78
🇷🇴 Chinese · Romania
469
-8
Google
0:35 Loom
11:57 Feudal Age
12:40 Feudal Age
13:56 Wheelbarrow
13:08 Double-Bit Axe
13:06 Horse Collar
21:22 Scale Barding Armor
21:20 Scale Mail Armor
21:33 Forging
23:51 Town Watch
26:16 Gold Mining
26:16 Stone Mining
26:37 Stone Mining
30:11 Castle Age
29:36 Bloodlines
31:20 Hand Cart
31:21 Bow Saw
31:48 Gold Shaft Mining
31:38 Husbandry
31:01 Light Cavalry
32:01 Heavy Plow
31:25 Man-at-Arms
31:27 Pikeman
32:10 Squires
32:51 Caravan
35:26 Chain Barding Armor
35:21 Chain Mail Armor
35:55 Stone Shaft Mining
41:16 Chain Mail Armor
42:49 Iron Casting
45:55 Thumb Ring
55:15 Padded Archer Armor
55:05 Fletching
56:50 Masonry
57:01 Ballistics
ALGAMER
14:48 Feudal Age
16:12 Wheelbarrow
15:23 Town Watch
15:41 Gold Mining
15:48 Double-Bit Axe
24:32 Man-at-Arms
25:29 Bloodlines
28:04 Castle Age
27:06 Horse Collar
27:23 Stone Mining
28:48 Heavy Plow
29:27 Gold Shaft Mining
29:15 Bow Saw
30:07 Forging
29:58 Scale Mail Armor
30:04 Scale Barding Armor
29:55 Fletching
30:06 Padded Archer Armor
30:12 Light Cavalry
30:37 Long Swordsman
32:37 Chain Mail Armor
32:44 Chain Barding Armor
33:04 Caravan
33:00 Crossbowman
34:49 Hand Cart
38:54 Pikeman
48:19 Squires
51:05 Imperial Age
52:50 Heavy Cavalry Archer
53:06 Halberdier
duvanmoreno35
11:19 Feudal Age
12:15 Double-Bit Axe
16:33 Horse Collar
18:02 Wheelbarrow
22:52 Castle Age
24:20 Hand Cart
24:19 Bow Saw
25:28 Heavy Plow
26:49 Town Watch
28:21 Caravan
30:22 Coinage
34:49 Imperial Age
32:25 Town Patrol
33:30 Murder Holes
33:15 Treadmill Crane
33:48 Fortified Wall
35:38 Stone Mining
35:47 Cavalier
36:51 Conscription
37:48 Block Printing
37:34 Atonement
37:44 Redemption
38:00 Illumination
37:31 Herbal Medicine
38:11 Theocracy
37:37 Devotion
38:17 Banking
37:58 Guilds
37:31 Pikeman
38:10 Loom
39:14 Pirotechnia
38:58 Gold Mining
39:57 Hoardings
40:01 Squires
40:03 Scale Mail Armor
40:06 Husbandry
41:12 Chemistry
40:23 Masonry
40:20 Padded Archer Armor
41:49 Elite Genoese Crossbowman
44:47 Architecture
44:08 Heated Shot
44:28 Scale Barding Armor
44:39 Chain Mail Armor
44:39 Leather Archer Armor
48:33 Two-Man Saw
53:08 Chain Barding Armor
53:18 Plate Mail Armor
53:19 Ring Archer Armor
53:09 Forging
52:49 Fletching
57:15 Crop Rotation
Livakovic
10:50 Feudal Age
11:55 Double-Bit Axe
14:12 Loom
17:25 Forging
23:06 Castle Age
21:49 Scale Barding Armor
26:33 Gold Mining
26:34 Stone Mining
26:57 Bow Saw
29:02 Pikeman
31:24 Town Watch
32:38 Wheelbarrow
32:21 Caravan
33:07 Husbandry
35:39 Fletching
36:25 Iron Casting
36:12 Chain Barding Armor
36:20 Squires
40:17 Imperial Age
37:52 Town Patrol
38:59 Bodkin Arrow
41:40 Plate Barding Armor
42:07 Blast Furnace
40:29 Cavalier
41:57 Hand Cart
42:33 Gold Shaft Mining
43:04 Chemistry
42:25 Ballistics
42:16 Masonry
42:01 Murder Holes
42:18 Fortified Wall
43:16 Paladin
50:08 Halberdier
50:34 Arson
52:12 Conscription
Connection lost

Rejoining the realm…

Still unreachable

The connection could not be restored.

Session expired

The server has moved on; the page needs a fresh start.